 Dungeon Crawl Stone Soup version 0.29.1-12-g30fa7ad0bf (webtiles) character file.

Game seed: 12032431017478245835

17724 KittyFluff the Basher (level 12, -5/115 HPs)
             Began as a Gargoyle Berserker on Jan 4, 2023.
             Was an Elder of Trog.
             Slain by a komodo dragon (15 damage)
             ... on level 1 of the Lair of Beasts.
             The game lasted 00:57:25 (14144 turns).

KittyFluff the Basher (Gargoyle Berserker)         Turns: 14144, Time: 00:57:26

Health: -5/115     AC: 33    Str: 28    XL:     12   Next: 51%
Magic:  12/12      EV: 14    Int:  8    God:    Trog [****..]
Gold:   677        SH:  0    Dex: 13    Spells: 11/11 levels left

rFire   . . .      SeeInvis .   a - +2 flail (protect)
rCold   . . .      Faith    .   (no shield)
rNeg    + . .      Spirit   .   R - +1 ring mail {Will+}
rPois   ∞          Reflect  .   y - +2 helmet
rElec   +          Harm     .   k - +0 cloak
rCorr   .          Rampage  .   (no gloves)
Will    +....                   (no boots)
Stlth   ..........              (no amulet)
HPRegen 0.29/turn               K - +6 ring of strength
MPRegen 0.13/turn               w - +4 ring of protection

@: berserking, under a protective aura, very quick
A: sickness immunity, AC +8, negative energy resistance 1, electricity
resistance, torment resistance 1, petrification resistance
a: Renounce Religion, Berserk, Trog's Hand, Brothers in Arms


You were on level 1 of the Lair of Beasts.
You worshipped Trog.
Trog was greatly pleased with you.
You visited 2 branches of the dungeon, and saw 13 of its levels.

You collected 949 gold pieces.
You spent 272 gold pieces at shops.

Inventory:

Hand Weapons
 a - a +2 flail of protection (weapon)
 x - a +0 sling
 A - a +0 shortbow
 E - a +2 dire flail of protection
 L - a +0 morningstar
Missiles
 b - 50 poisoned darts
 d - 86 stones (quivered)
 I - 6 atropa-tipped darts
 M - 16 boomerangs of dispersal
 O - 3 boomerangs
 P - 10 javelins
 Q - 6 throwing nets
Armour
 k - a +0 cloak (worn)
 q - a +0 chain mail
 y - a +2 helmet (worn)
 N - the +0 crystal plate armour of Proximity {+Blink Str+7}
   (You acquired it on level 8 of the Dungeon)

   Str:       It affects your strength (+7).
   +Blink:    It lets you blink.
 R - a +1 ring mail of willpower (worn)
Jewellery
 f - a ring of ice
 r - a ring of protection from fire
 w - a +4 ring of protection (right hand)
 B - a ring of willpower
 K - a +6 ring of strength (left hand)
 U - a ring of flight
Wands
 i - a wand of acid (4)
 J - a wand of roots (8)
 W - a wand of digging (7)
Scrolls
 c - 2 scrolls of teleportation
 g - a scroll of poison {unknown}
 j - 2 scrolls of vulnerability {unknown}
 o - 3 scrolls of enchant weapon {unknown}
 s - a scroll of silence
 C - 2 scrolls of amnesia {unknown}
 D - a scroll of butterflies
 F - 2 scrolls of immolation
 H - 5 scrolls of blinking
 V - a scroll of brand weapon
Potions
 e - a potion of magic
 h - 4 potions of attraction
 l - 3 potions of might
 m - 3 potions of cancellation
 n - 4 potions of heal wounds
 p - 2 potions of mutation {unknown}
 t - 2 potions of resistance {unknown}
 u - a potion of flight {unknown}
 v - 2 potions of haste {unknown}
 z - 3 potions of degeneration {unknown}
 G - 3 potions of brilliance {unknown}
 S - 3 potions of lignification {unknown}
 T - 3 potions of ambrosia {unknown}
 X - a potion of berserk rage {unknown}


   Skills:
 + Level 10.1 Fighting
 + Level 13.0 Maces & Flails
 + Level 1.2 Ranged Weapons
 + Level 2.3 Throwing
 * Level 10.6 Armour
 + Level 6.8 Dodging
 + Level 3.9 Stealth
 + Level 1.0 Evocations


You had 11 spell levels left.
You didn't know any spells.
Your spell library was empty.

Dungeon Overview and Level Annotations

Branches:
Dungeon (11/15)            Temple (0/1) D:7            Lair (2/5) D:11
    Orc (0/2) D:9
  Swamp: Lair:2-3    Shoals: Lair:2-3     Snake: Lair:2-3    Spider: Lair:2-3

Altars:
Cheibriados
Fedhas
Gozag
Hepliaklqana
Makhleb
Vehumet
Wu Jian
Xom
Zin

Shops:
D:9 [*

Portals:
Trove: D:11 (show slimy rune of Zot)


Innate Abilities, Weirdness & Mutations

You are immune to sickness and miasma.
Your stone body is resilient. (AC +8)
You are immune to poison.
You resist negative energy. (rN+)
You are resistant to electric shocks. (rElec)
You are resistant to unholy torment.
You are immune to petrification.


Message History

You hit the yak.
The yak is heavily wounded.
The yak gores you but does no damage.
You barely miss the yak.
The yak is heavily wounded.
The yak gores you but does no damage.
You hit the yak.
The yak is heavily wounded.
You closely miss the yak.
The yak is heavily wounded.
The yak barely misses you.
You thump the yak!
You kill the yak!
Trog accepts your kill.
There is a stone staircase leading down here.
You climb downwards.
The yak gores you. The yak barely misses you.
The komodo dragon closely misses you. The yak misses you. The yak gores you.
There is a stone staircase leading up here.
The komodo dragon bites you! The yak closely misses you.
The yak gores you but does no damage.
You climb upwards.
There is a stone staircase leading down here.
You closely miss the komodo dragon. The komodo dragon bites you!
The yak gores you. The yak gores you but does no damage.
You bludgeon the komodo dragon!!
Your weapon exudes an aura of protection.
The komodo dragon is heavily wounded.
The komodo dragon bites you but does no damage.
You barely miss the komodo dragon.
The komodo dragon is heavily wounded.
The yak gores you but does no damage. The yak gores you!
* * * LOW HITPOINT WARNING * * *
The komodo dragon bites you!
* * * LOW HITPOINT WARNING * * *
You hit the komodo dragon but do no damage.
The komodo dragon is heavily wounded.
The yak completely misses you. The yak gores you but does no damage.
A red film seems to cover your vision as you go berserk!
You feel yourself moving faster!
You feel mighty! The komodo dragon bites you!
You die...

#......#### #..# ##....###.#
##..##
#####.......#######...P#
#..............#.##...##
#......................##
###.......................#
#.........................###
...##...........YY..........#
.#.#...........†@.###....<..#
..####......#....l####......#
.## ##..#####.....####.....#
# .### ####
##.....###.....####. .#.#
#...[..##.###...... ..#
##########....####...#... ..#
####...#.# ##.....##..#..##
..####.......##
##.....#....###
#...#........##
##...........#


You could see a komodo dragon and 2 yaks.

Vanquished Creatures
  Harold (D:9)
  2 hydras
  A cyclops (D:11)
  3 cane toads (Lair:1)
  A rime drake (Lair:1)
  An unseen horror (D:11)
  A kobold demonologist (D:10)
  8 komodo dragons
  A guardian mummy (D:11)
  3 trolls
  2 hornets (D:8)
  2 wyverns
  4 wraiths
  29 yaks
  4 water elementals (D:10)
  4 vampire mosquitoes (D:5)
  A basilisk (D:11)
  2 steam dragons (D:7)
  Grum (D:9)
  Edmund (D:5)
  3 acid dragons
  4 water moccasins
  5 orc warriors
  A black bear (D:6)
  A swamp drake (D:11)
  An ice beast (D:6)
  4 wolves (D:9)
  2 centaurs
  Blork the orc (D:4)
  6 kobold brigands
  2 bullfrogs
  A gnoll sergeant (D:10)
  A necrophage (D:8)
  8 wights
  A hound (D:6)
  An orc priest (D:8)
  7 iguanas
  Terence (D:3)
  Natasha (twice) (D:3)
  7 orc wizards
  Robin (D:4)
  7 gnolls
  4 adders
  A white imp (D:7)
  An ufetubus (D:5)
  2 dart slugs
  24 orcs
  3 bats
  6 endoplasms
  3 giant cockroaches (D:1)
  13 goblins
  10 hobgoblins
  8 jackals
  4 quokkas
  3 ball pythons
  5 frilled lizards (D:1)
  30 kobolds
  2 rats (D:1)
258 creatures vanquished.

Vanquished Creatures (others)
  16 fungi
  2 plants (Lair:1)
  16 toadstools (Lair:2)
34 creatures vanquished.

Grand Total: 292 creatures vanquished

Notes
Turn   | Place    | Note
-------+----------+-------------------------------------------
     0 | D:1      | KittyFluff the Gargoyle Berserker began the quest for the
                  | Orb.
     0 | D:1      | Reached XP level 1. HP: 14/14 MP: 1/1
    46 | D:1      | Found a faded altar of an unknown god.
    79 | D:1      | Reached XP level 2. HP: 18/19 MP: 2/2
   321 | D:1      | Reached XP level 3. HP: 24/24 MP: 3/3
   321 | D:1      | Reached ** piety under Trog
   709 | D:2      | You fall into a shaft and drop 1 floor!
  1255 | D:3      | Noticed Terence
  1273 | D:3      | Killed Terence
  1274 | D:3      | Reached XP level 4. HP: 5/29 MP: 4/4
  1591 | D:3      | Noticed Natasha
  1602 | D:3      | Killed Natasha
  1603 | D:3      | Reached skill level 4 in Maces & Flails
  1735 | D:3      | Noticed Natasha
  1744 | D:3      | Killed Natasha
  1745 | D:3      | Reached XP level 5. HP: 18/33 MP: 5/5
  1950 | D:4      | Noticed Robin
  2201 | D:4      | Noticed Blork the orc
  2223 | D:4      | Killed Blork the orc
  2224 | D:4      | Reached XP level 6. HP: 6/38 MP: 6/6
  2629 | D:4      | Reached skill level 5 in Maces & Flails
  2701 | D:4      | Killed Robin
  2993 | D:4      | Reached skill level 1 in Stealth
  3319 | D:5      | Entered Level 5 of the Dungeon
  3324 | D:5      | Noticed a vampire mosquito
  3326 | D:5      | Noticed a vampire mosquito
  3334 | D:5      | Noticed a vampire mosquito
  3336 | D:5      | Noticed a vampire mosquito
  3348 | D:5      | Killed a vampire mosquito
  3349 | D:5      | Reached XP level 7. HP: 29/44 MP: 7/7
  3351 | D:5      | Killed a vampire mosquito
  3352 | D:5      | Reached skill level 1 in Throwing
  3358 | D:5      | Killed a vampire mosquito
  3359 | D:5      | Reached skill level 5 in Fighting
  3359 | D:5      | Reached skill level 6 in Maces & Flails
  3367 | D:5      | Killed a vampire mosquito
  3368 | D:5      | Reached XP level 8. HP: 16/49 MP: 8/8
  3981 | D:5      | Noticed Edmund
  4009 | D:5      | Killed Edmund
  4010 | D:5      | Reached skill level 5 in Armour
  4414 | D:6      | Found an opulent altar of Gozag.
  4482 | D:6      | Reached *** piety under Trog
  4483 | D:6      | Reached skill level 7 in Maces & Flails
  4945 | D:6      | Reached XP level 9. HP: 32/55 MP: 9/9
  5755 | D:7      | Found a staircase to the Ecumenical Temple.
  5806 | D:7      | Noticed a troll
  5813 | D:7      | Reached skill level 8 in Maces & Flails
  5830 | D:7      | Killed a troll
  6387 | D:7      | Found a burning altar of Makhleb.
  6387 | D:7      | Found a blossoming altar of Fedhas.
  6387 | D:7      | Found a shimmering altar of Xom.
  6387 | D:7      | Found a snail-covered altar of Cheibriados.
  6394 | D:7      | Found a hazy altar of Hepliaklqana.
  6394 | D:7      | Found an ornate altar of the Wu Jian Council.
  7093 | D:8      | Identified a scroll of acquirement
  7094 | D:8      | Acquired the +0 crystal plate armour of Proximity {+Blink
                  | Str+7}
  7166 | D:8      | Noticed a hornet
  7175 | D:8      | Killed a hornet
  7176 | D:8      | Reached skill level 9 in Maces & Flails
  7374 | D:8      | Reached XP level 10. HP: 61/61 MP: 10/10
  7374 | D:8      | Reached **** piety under Trog
  7664 | D:8      | Reached skill level 5 in Dodging
  7669 | D:8      | Found a radiant altar of Vehumet.
  7698 | D:8      | Found a glowing silver altar of Zin.
  8253 | D:9      | Found a staircase to the Orcish Mines.
  8300 | D:9      | Found Vine Tergh's Armour Emporium.
  8336 | D:9      | Noticed Harold
  8349 | D:9      | Killed Harold
  8469 | D:8      | Reached skill level 10 in Maces & Flails
  8764 | D:9      | Found Opupp's Assorted Antiques.
  9083 | D:9      | Reached XP level 11. HP: 68/68 MP: 11/11
  9399 | D:9      | Bought a +1 ring mail of willpower for 224 gold pieces
  9495 | D:9      | Bought a scroll of identify for 48 gold pieces
  9558 | D:10     | Entered Level 10 of the Dungeon
  9565 | D:10     | Noticed Grum
  9733 | D:9      | Killed Grum
  9740 | D:9      | Reached skill level 11 in Maces & Flails
 11175 | D:11     | Found a portal to a secret trove of treasure.
 11438 | D:11     | Noticed a cyclops
 11453 | D:11     | Killed a cyclops
 11754 | D:11     | Noticed a seven-headed hydra
 11777 | D:11     | Killed a seven-headed hydra
 11778 | D:11     | Reached skill level 12 in Maces & Flails
 12051 | D:11     | Reached skill level 10 in Armour
 12105 | D:11     | Found a staircase to the Lair.
 12174 | Lair:1   | Entered Level 1 of the Lair of Beasts
 12184 | Lair:1   | Reached XP level 12. HP: 76/76 MP: 12/12
 12277 | Lair:1   | Noticed a seven-headed hydra
 12291 | Lair:1   | Killed a seven-headed hydra
 12809 | Lair:1   | Reached skill level 1 in Evocations
 13180 | Lair:1   | Reached skill level 1 in Ranged Weapons
 14042 | Lair:1   | Reached skill level 10 in Fighting
 14050 | Lair:1   | Reached skill level 13 in Maces & Flails
 14144 | Lair:1   | Slain by a komodo dragon

Illustrated notes

Levels and vault maps discovered:
D:1:      dpeg_arrival_rooms_c, layout_rooms, ebering_ecumenical_altar_hall
D:2:      layout_rooms, basic_altar, st_stairs_8
D:3:      layout_basic, minmay_misc_feat_encased, uniq_terence, uniq_natasha
D:4:      layout_rooms, uniq_blork_the_orc, uniq_robin
D:5:      layout_rooms, serial_aquarium, aquarium_bridge_long_separate
          [aquarium_subvault_bridge, aquarium_subvault_bridge,
          aquarium_subvault_bridge, aquarium_subvault_bridge,
          aquarium_subvault_balcony, aquarium_subvault_window],
          aquarium_bridge_square [aquarium_subvault_balcony,
          aquarium_subvault_bridge, aquarium_subvault_window,
          aquarium_subvault_window], aquarium_window_2, aquarium_window_corner,
          aquarium_window_corner, aquarium_window_fake, aquarium_view_2b,
          aquarium_view_2g, uniq_edmund
D:6:      minmay_klotski, layout_basic,
          nicolae_gozag_cash_rules_everything_around_me
D:7:      layout_loops_ring, minmay_overflow_temple_hex,
          minmay_temple_entry_mist, minmay_misc_feat_tower,
          ebering_dispersal_statue_hall, minmay_door_square
D:8:      nicolae_cairo_tiling, layout_loops_ring,
          mainiacjoe_overflow_large_starburst, minmay_unpleasant_kobolds
D:9:      layout_rooms, orc_david_3, serial_shops, nicolae_inconvenience_store,
          dk_noncrumbling_4, uniq_harold
D:10:     layout_big_octagon, enter_bailey_1, hangedman_abyss_or_decor_stabs,
          nicolae_underground_beach, uniq_grum
D:11:     layout_cave_pools, erik_lair_dragon, nicolae_trove_entry_path_of_doom,
          kennysheep_generic_room_5
Lair:1:   layout_cave_pods, grunt_megastairs_2
Lair:2:   layout_cave_pods, skrybe_swamp_entry_bodies, tgw_fedhas

Skill      XL: |  1  2  3  4  5  6  7  8  9 10 11 12 |
---------------+-------------------------------------+-----
Dodging        | 2 3 4 5 6 |  6.8
Maces & Flails | 4 5 6 7 9 10 12 13 | 13.0
Fighting       | 4 5 6 8 9 10 | 10.1
Armour         | 3 4 5 7 8 10 | 10.6
Stealth        | 1 2 3 |  3.9
Throwing       | 1 2 |  2.3
Evocations     | 1 |  1.0
Ranged Weapons | 1 |  1.2

Action                   |  1- 3 |  4- 6 |  7- 9 | 10-12 || total
-------------------------+-------+-------+-------+-------++-------
Melee: Mace              |   109 |    60 |       |       ||   169
       Flail             |       |    62 |   342 |   680 ||  1084
       Punch             |       |     2 |     3 |    14 ||    19
 Fire: Shortbow          |       |       |       |    22 ||    22
Throw: Stone             |     4 |    24 |     3 |    18 ||    49
Invok: Berserk           |     1 |     4 |     1 |     8 ||    14
Evoke: Wand              |       |       |       |     2 ||     2
  Use: Scroll            |       |     1 |    10 |     3 ||    14
       Potion            |       |       |     1 |       ||     1
 Stab: Sleeping          |       |     2 |     3 |       ||     5
       Distracted        |       |       |     1 |       ||     1
Armor: Animal skin       |    24 |       |       |       ||    24
       Leather armour    |    16 |    53 |   155 |       ||   224
       Ring mail         |       |       |    10 |   409 ||   419
Dodge: Dodged            |    91 |    72 |   232 |   378 ||   773
